 Dungeon Crawl Stone Soup version 0.29-a0-360-g8ed1089bbe (webtiles) character file.

Game seed: 14992187228446839711

39 sammy202020 the Skirmisher (level 3, 15/29 HPs)
             Began as a Demonspawn Berserker on Apr 29, 2022.
             Was a Follower of Trog.
             Quit the game on level 1 of the Dungeon.
             The game lasted 00:01:08 (1554 turns).

sammy202020 the Skirmisher (Demonspawn Berserker)   Turns: 1554, Time: 00:01:08

Health: 15/29      AC:  4    Str: 17    XL:     3   Next: 26%
Magic:  3/3        EV: 12    Int: 10    God:    Trog [*.....]
Gold:   19         SH:  0    Dex: 12    Spells: 2/2 levels left

rFire   . . .      SeeInvis .   a - +0 hand axe
rCold   . . .      Faith    .   (no shield)
rNeg    . . .      Spirit   .   b - +0 animal skin
rPois   .          Reflect  .   (no helmet)
rElec   .          Harm     .   (no cloak)
rCorr   .          Rampage  .   (no gloves)
Will    .....                   (no boots)
Stlth   +.........              (no amulet)
HPRegen 0.09/turn               (no ring)
MPRegen 0.08/turn               (no ring)

@: no status effects
A: claws 1, thin metallic scales 1
a: Renounce Religion, Berserk


You were on level 1 of the Dungeon.
You worshipped Trog.
Trog was aware of your devotion.
You visited 1 branch of the dungeon, and saw 1 of its levels.

You collected 19 gold pieces.

Inventory:

Hand Weapons
 a - a +0 hand axe (weapon)
 g - a +2 whip of draining
Missiles
 c - 4 poisoned darts (quivered)
Armour
 b - a +0 animal skin (worn)
Scrolls
 e - a scroll of identify {unknown}
 h - a scroll of noise {unknown}
Potions
 d - a potion of haste {unknown}
 f - a potion of heal wounds {unknown}


   Skills:
 * Level 3.5 Fighting
 * Level 3.1 Axes
 + Level 2.0 Armour
 + Level 2.2 Dodging


You had 2 spell levels left.
You didn't know any spells.
Your spell library was empty.

Dungeon Overview and Level Annotations

Branches:
Dungeon (1/15)

Altars:


Innate Abilities, Weirdness & Mutations

You have sharp fingernails.
You are partially covered in thin metallic scales. (AC +2)


Message History

The gnoll is severely wounded.
The gnoll hits you with a +0 club.
You are too injured to fight recklessly!
You are too injured to fight recklessly!
You are too injured to fight recklessly!
You are too injured to fight recklessly!
You are too injured to fight recklessly!
You are too injured to fight recklessly!
You are too injured to fight recklessly!
You are too injured to fight recklessly!
You are too injured to fight recklessly!
You are too injured to fight recklessly!
You are too injured to fight recklessly!
You are too injured to fight recklessly!
You are too injured to fight recklessly!
You are too injured to fight recklessly!
You are too injured to fight recklessly!
You are too injured to fight recklessly!
You are too injured to fight recklessly!
You are too injured to fight recklessly!
You are too injured to fight recklessly!
You are too injured to fight recklessly!
You are too injured to fight recklessly!
You are too injured to fight recklessly!
You are too injured to fight recklessly!
Unknown command.
The gnoll barely misses you.
You hit the gnoll.
You kill the gnoll!
Trog accepts your kill.
You hit the quokka. The quokka closely misses you. The quokka misses you.
You have reached level 3!
Your experience leads to an increase in your attributes!
Increase (S)trength, (I)ntelligence, or (D)exterity?
You feel clever. x2; Your demonic ancestry asserts itself...
Your fingernails lengthen.
You slash the quokka!
You kill the quokka!
Trog accepts your kill.
Are you sure you want to abandon this character and quit the game? (Confirm with "yes".)

##..#.##.......### #.#
.........).8...8#.##.#
##.....8.)....._##.#.#
####.......8...8#....#
......##.......##.####
.####.####...####.#
.#####.# ##### #..#
.......# #..# .#######
#@^# .# #.)# .# #..#
## #..# .).# ...##
####


There were no monsters in sight!

Vanquished Creatures
  A gnoll (D:1)
  2 dart slugs (D:1)
  An endoplasm (D:1)
  A giant cockroach (D:1)
  A hobgoblin (D:1)
  6 jackals (D:1)
  2 quokkas (D:1)
  2 frilled lizards (D:1)
  2 goblins (D:1)
  3 kobolds (D:1)
  3 rats (D:1)
24 creatures vanquished.

Notes
Turn   | Place    | Note
-------+----------+-------------------------------------------
     0 | D:1      | sammy202020 the Demonspawn Berserker began the quest for
                  | the Orb.
     0 | D:1      | Reached XP level 1. HP: 18/18 MP: 1/1
   280 | D:1      | Gained mutation: You are partially covered in thin metallic
                  | scales. (AC +2) [demonic ancestry]
   280 | D:1      | Reached XP level 2. HP: 9/24 MP: 2/2
  1245 | D:1      | Found a faded altar of an unknown god.
  1553 | D:1      | Gained mutation: You have sharp fingernails. [demonic
                  | ancestry]
  1553 | D:1      | Reached XP level 3. HP: 15/29 MP: 3/3
  1554 | D:1      | Quit the game

Illustrated notes

Levels and vault maps discovered:
D:1:      wheals_arrival_linesprint, layout_loops_ring,
          hellmonk_ecumenical_altar_prayer_group

Skill      XL: |  1  2 |
---------------+-------+-----
Dodging        | 2 |  2.2
Axes           | 3 |  3.1
Armour         | 2 |  2.0
Fighting       | |  3.5

Action                   || total
-------------------------++-------
Melee: Hand axe          ||    85
       Punch             ||     1
 Stab: Sleeping          ||     1
Armor: Animal skin       ||    17
Dodge: Dodged            ||    53

Table legend: (Time is in decaauts)
 A = Elapsed time spent in this place.
 B = Non-inter-level travel time spent in this place.
 C = Inter-level travel time spent in this place.
 D = Time resting spent in this place.
 E = Time spent auto-exploring this place.
 F = Levels seen in this place.
 G = Mean time per level.
                   A        B        C        D        E       F      G
               +--------+--------+--------+--------+--------+-----+--------+
         Total |   1567 |   1567 |      0 |    541 |    847 |   1 | 1567.0 |
       Dungeon |   1567 |   1567 |      0 |    541 |    847 |   1 | 1567.0 |
               +--------+--------+--------+--------+--------+-----+--------+

Top non-repeatable levels by time:
     D:1: 1567 daAuts
